 Dungeon Crawl Stone Soup version 0.28-a0-664-gc179e30c89 (webtiles) character file.

Game seed: 9406924119822995355

105 jasper the Chopper (level 4, -2/35 HPs)
             Began as a Demonspawn Cinder Acolyte on Oct 16, 2021.
             Was a Believer of Ignis.
             Slain by an orc wizard (5 damage)
             ... on level 3 of the Dungeon.
             The game lasted 00:04:22 (3230 turns).

jasper the Chopper (Demonspawn Cinder Acolyte)      Turns: 3230, Time: 00:04:23

Health: -2/35      AC:  2    Str: 15    XL:     4   Next: 54%
Magic:  5/5        EV: 13    Int: 15    God:    Ignis [**....]
Gold:   54         SH:  0    Dex:  9    Spells: 5/5 levels left

rFire   + . .      SeeInvis .   a - -1 hand axe (flame)
rCold   . . .      Faith    .   (no shield)
rNeg    . . .      Spirit   .   b - +0 robe
rPois   .          Reflect  .   (no helmet)
rElec   .          Harm     .   (no cloak)
rCorr   .          Rampage  .   (no gloves)
Will    .....                   (no boots)
Stlth   +.........              (no amulet)
HPRegen 0.11/turn               (no ring)
MPRegen 0.09/turn               (no ring)

@: no status effects
A: repulsion field 1, foul stench 1, powered by death 1
a: Renounce Religion, Sea of Fire, Foxfire Swarm, Rising Flame


You were on level 3 of the Dungeon.
You worshipped Ignis.
Ignis was pleased with you.
You visited 1 branch of the dungeon, and saw 3 of its levels.

You collected 54 gold pieces.

Inventory:

Hand Weapons
 a - a -1 hand axe of flaming (weapon)
Missiles
 d - 42 stones (quivered)
Armour
 b - a +0 robe (worn)
Jewellery
 g - a ring of poison resistance
Scrolls
 c - a scroll of enchant armour {unknown}
 f - 2 scrolls of teleportation {unknown}
 h - 2 scrolls of identify {unknown}
 i - a scroll of acquirement {unknown}
 k - a scroll of blinking {unknown}
Potions
 e - a potion of berserk rage {unknown}
 j - a potion of haste {unknown}


   Skills:
 - Level 3.0 Fighting
 + Level 4.9 Axes
 - Level 1.0 Spellcasting
 - Level 2.6 Fire Magic


You had 5 spell levels left.
You didn't know any spells.
Your spell library contained the following spells:

 Spells                   Type           Power      Damage    Failure   Level
 Scorch                   Fire           16%        2d6       12%         2


Dungeon Overview and Level Annotations

Branches:
Dungeon (3/15)

Altars:

Annotations:
D:2 Terence


Innate Abilities, Weirdness & Mutations

You are surrounded by a mild repulsion field. (EV +2)
You may rarely emit foul miasma when damaged in melee.
You regenerate a little health from kills.


Message History

You bump into the rock wall.
The orc hits you with a +0 club.
You take 3 damage, and have 25/35 hp.
You bump into the rock wall.
The orc hits you with a +0 club.
You take 3 damage, and have 22/35 hp.
You bump into the rock wall.
You're too confused to move!
The orc closely misses you.
You bump into the rock wall.
You feel less confused. The orc hits you with a +0 club.
The orc wizard misses you.
You take 3 damage, and have 19/35 hp.
Flames leap up around you! The orc hits you with a +0 club.
The orc wizard points at you and mumbles some strange words.
The magic dart hits you!
* * * LOW HITPOINT WARNING * * *
You take 12 damage, and have 7/35 hp.
MASSIVE DAMAGE!!
You hit the orc. You burn the orc.
The orc is heavily wounded.
You hit the orc wizard. You burn the orc wizard.
The foxfire hits the orc.
You kill the orc!
The foxfire hits the orc wizard.
The orc wizard is moderately wounded.
The foxfire hits the orc wizard.
The orc wizard is heavily wounded.
The foxfire hits the orc wizard.
The orc wizard is almost dead.
The orc wizard hits you with a +0 hand axe.
* * * LOW HITPOINT WARNING * * *
You take 2 damage, and have 5/35 hp.
You hit the orc wizard but do no damage.
The orc wizard is almost dead.
The orc wizard closely misses you.
You hit the orc wizard but do no damage.
The orc wizard is almost dead.
The orc wizard hits you with a +0 hand axe.
* * * LOW HITPOINT WARNING * * *
You take 2 damage, and have 3/35 hp.
Flames leap up around you!
An orc comes into view. It is wielding a +0 falchion.
The orc wizard hits you with a +0 hand axe.
You die... #. #. . #. o.####. ..... .vv

#o##
#v@#
##v#
#v#
#<#
#)#
#).#
##.#
.#
.#


You could see an orc wizard (ally target) and an orc.

Vanquished Creatures
  Natasha (D:2)
  An orc wizard (D:3)
  An adder (D:2)
  A dart slug (D:2)
  3 orcs (D:3)
  2 endoplasms (D:1)
  2 giant cockroaches
  2 goblins (D:1)
  5 hobgoblins (D:1)
  3 jackals (D:1)
  5 kobolds
  A ball python (D:1)
  5 bats
  9 frilled lizards (D:1)
  2 rats (D:1)
43 creatures vanquished.

Vanquished Creatures (others)
  43 foxfires
  17 plants (D:1)
60 creatures vanquished.

Grand Total: 103 creatures vanquished

Notes
Turn   | Place    | Note
-------+----------+-------------------------------------------
     0 | D:1      | jasper the Demonspawn Cinder Acolyte began the quest for
                  | the Orb.
     0 | D:1      | Reached XP level 1. HP: 18/18 MP: 2/2
   139 | D:1      | Reached skill level 3 in Axes
   432 | D:1      | Gained mutation: You may rarely emit foul miasma when
                  | damaged in melee. [demonic ancestry]
   432 | D:1      | Reached XP level 2. HP: 16/24 MP: 3/3
   957 | D:1      | Found a faded altar of an unknown god.
  1513 | D:1      | Gained mutation: You are surrounded by a mild repulsion
                  | field. (EV +2) [demonic ancestry]
  1513 | D:1      | Reached XP level 3. HP: 16/29 MP: 4/4
  2683 | D:2      | Reached skill level 4 in Axes
  2824 | D:2      | Noticed Terence
  2824 | D:2      | Noticed Natasha
  2831 | D:2      | Killed Natasha
  3037 | D:2      | Gained mutation: You regenerate a little health from kills.
                  | [demonic ancestry]
  3037 | D:2      | Reached XP level 4. HP: 26/35 MP: 5/5
  3230 | D:3      | Slain by an orc wizard

Illustrated notes

Levels and vault maps discovered:
D:1:      minmay_arrival_open_corners, layout_basic,
          dilly_ecumenical_altar_fadedgnrine, minmay_lizard_king
D:2:      layout_loops_ring, uniq_sigmund, uniq_natasha, uniq_terence
D:3:      layout_rooms

Skill      XL: |  1  2  3 |
---------------+----------+-----
Axes           | 3 4 |  4.9
Fighting       | |  3.0
Spellcasting   | |  1.0
Fire Magic     | |  2.6

Action                   |  1- 3 |  4- 6 || total
-------------------------+-------+-------++-------
Melee: Hand axe          |   125 |    14 ||   139
Throw: Stone             |     6 |       ||     6
Invok: Foxfire Swarm     |     5 |     2 ||     7
Armor: Robe              |    24 |     2 ||    26
Dodge: Dodged            |    85 |     9 ||    94

Table legend: (Time is in decaauts)
 A = Elapsed time spent in this place.
 B = Non-inter-level travel time spent in this place.
 C = Inter-level travel time spent in this place.
 D = Time resting spent in this place.
 E = Time spent auto-exploring this place.
 F = Levels seen in this place.
 G = Mean time per level.
                   A        B        C        D        E       F      G
               +--------+--------+--------+--------+--------+-----+--------+
         Total |   3250 |   3158 |     92 |   1461 |   1216 |   3 | 1083.3 |
       Dungeon |   3250 |   3158 |     92 |   1461 |   1216 |   3 | 1083.3 |
               +--------+--------+--------+--------+--------+-----+--------+

Top non-repeatable levels by time:
     D:1: 2258 daAuts
     D:2: 885 daAuts
     D:3: 106 daAuts
